Map: Amygdala

Players

ShoWTimE - Winner!

  • Race: Protoss Protoss
  • League: Grandmaster
  • Spawn Location: 1:00

Krystianer

  • Race: Protoss Protoss
  • League: Grandmaster
  • Spawn Location: 7:00

VOD

Have the link to the VOD?

Description

Time

  • Played on: Jan. 20, 2025, 2:39 p.m.
  • Length: 10:20
Show
View Real Time Build Order
Export as new Build Order

ShoWTimE Protoss - Winner!

Build Orders: 1 Gate Expand, Phoenix Opening, Blink Stalkers 

Get SALT Encoding   

  12  0:00  Probe  
  13  0:12  Probe  
  14  0:17  Pylon  
  14  0:23  Probe  
  15  0:32  Probe  
  15  0:35  Gateway  
  15  0:40  Probe  
  16  0:45  Assimilator  
  17  0:50  Probe  
  18  1:03  Probe  
  19  1:15  Probe  
  20  1:22  Nexus  
  20  1:32  Cybernetics Core  
  20  1:36  Probe  
  21  1:41  Assimilator  
  21  1:48  Probe  
  22  1:54  Pylon  
  22  2:00  Probe  
  23  2:04  Sentry  
  23  2:06  Phoenix  
  23  2:09  Warp Gate  
  23  2:12  Probe  
  26  2:18  Shield Battery  
  26  2:22  Stalker  
  26  2:24  Probe  
  29  2:32  Probe  
  29  2:36  Probe  
  31  2:40  Probe  
  31  2:42  Twilight Council  
  32  2:48  Phoenix  
  32  2:49  Probe x2  
  32  2:51  Blink  
  33  2:57  Stalker  
  34  3:01  Probe x2  
  38  3:12  Gateway  
  38  3:13  Probe x2  
  40  3:25  Probe  
  41  3:27  Gateway  
  41  3:32  Sentry  
  44  3:36  Pylon  
  44  3:37  Probe  
  44  3:40  Shield Battery  
  44  3:46  Probe  
  45  3:49  Probe  
  46  3:58  Probe  
  46  4:01  Probe  
  47  4:03  Stalker  
  47  4:07  Shield Battery  
  49  4:10  Stalker  
  49  4:12  Probe  
  49  4:14  Pylon  
  49  4:15  Probe  
  51  4:25  Probe  
  51  4:30  Stalker x2  
  54  4:33  Probe  
  54  4:37  Probe  
  57  4:45  Probe  
  57  4:48  Pylon, Nexus  
  57  4:49  Probe  
  57  4:51  Stalker  
  60  4:54  Assimilator  
  60  4:58  Probe  
  61  5:01  Probe  
  61  5:04  Forge  
  62  5:08  Stalker  
  62  5:10  Probe  
  62  5:12  Stalker  
  67  5:16  Pylon  
  67  5:18  Stalker  
  67  5:20  Probe  
  70  5:25  Protoss Ground Weapons Level 1  
  70  5:34  Probe x2  
  72  5:38  Stalker x2  
  76  5:43  Stalker  
  78  5:57  Probe x2  
  76  6:05  Charge  
  76  6:06  Stalker x3  
  76  6:07  Probe  
  76  6:09  Probe  
  76  6:10  Probe  
  85  6:19  Gateway, Probe  
  85  6:20  Robotics Facility  
  85  6:21  Gateway, Probe  
  85  6:22  Probe  
  88  6:29  Shield Battery  
  88  6:31  Pylon  
  88  6:32  Probe  
  89  6:33  Probe  
  90  6:41  Pylon  
  90  6:45  Stalker  
  92  6:53  Pylon  
  92  6:56  Protoss Ground Weapons Level 2  
  92  6:57  Gateway  
  92  6:58  Gateway, Stalker  
  92  6:59  Stalker  
  92  7:01  Observer, Gateway  
  96  7:03  Pylon  
  96  7:07  Pylon  
  97  7:10  Nexus  
  97  7:19  Warp Prism  
  99  7:23  Zealot x3  
  99  7:25  Zealot  
  99  7:28  Zealot  
  109  7:40  Pylon  
  109  7:44  Zealot x3  
  111  7:50  Pylon  
  111  7:51  Zealot x3  
  121  7:55  Observer  
  121  7:56  Zealot x2  
  124  8:04  Probe x3  
  125  8:08  Zealot x3  
  125  8:11  Zealot x3  
  137  8:17  Stalker x2  
  141  8:30  Zealot x3  
  147  8:34  Zealot  
  147  8:35  Zealot x2  
  153  8:53  Zealot x5  
  155  8:57  Zealot x3  
  127  9:14  Zealot x5  
  131  9:17  Gateway  
  131  9:18  Gateway  
  131  9:19  Stalker x3  
  135  9:34  Warp Prism  
  135  9:35  Zealot x5  
  135  9:44  Zealot x3  
Show
View Real Time Build Order
Export as new Build Order

Krystianer Protoss 

Build Orders: Oracle Opening 

Get SALT Encoding   

  12  0:00  Probe  
  13  0:12  Probe  
  14  0:17  Pylon  
  14  0:22  Probe  
  15  0:31  Probe  
  16  0:37  Gateway  
  16  0:40  Probe  
  16  0:45  Assimilator  
  17  0:52  Probe  
  17  0:53  Assimilator  
  18  1:00  Probe  
  19  1:06  Gateway  
  19  1:08  Probe  
  19  1:18  Probe  
  20  1:23  Cybernetics Core  
  21  1:30  Probe  
  22  1:38  Pylon  
  22  1:42  Probe  
  23  1:56  Probe  
  23  2:00  Warp Gate  
  28  2:09  Probe  
  28  2:11  Pylon  
  26  2:23  Nexus  
  26  2:27  Adept  
  27  2:33  Adept  
  30  2:37  Probe  
  30  2:46  Stargate  
  30  2:51  Probe  
  31  2:57  Adept  
  33  3:03  Adept  
  33  3:05  Probe  
  36  3:12  Pylon  
  36  3:17  Probe  
  36  3:19  Oracle  
  37  3:29  Probe  
  37  3:32  Probe  
  41  3:40  Probe  
  42  3:41  Probe  
  42  3:47  Oracle  
  42  3:50  Probe  
  42  3:53  Probe  
  44  4:02  Probe  
  46  4:05  Probe, Twilight Council  
  47  4:14  Probe  
  48  4:17  Probe  
  48  4:22  Blink  
  49  4:26  Nexus, Probe  
  49  4:30  Probe  
  49  4:34  Gateway  
  47  4:38  Assimilator  
  47  4:39  Probe  
  47  4:42  Probe  
  47  4:44  Pylon  
  49  4:50  Gateway  
  49  4:51  Probe  
  50  4:54  Probe  
  50  4:55  Stalker  
  50  4:58  Stalker  
  55  5:03  Probe  
  55  5:06  Probe  
  57  5:13  Shield Battery  
  57  5:15  Probe  
  57  5:18  Probe  
  59  5:21  Stalker x2  
  59  5:25  Pylon  
  59  5:27  Probe  
  64  5:30  Shield Battery  
  64  5:43  Stalker  
  64  5:44  Stalker x3  
  64  5:45  Probe  
  64  5:46  Probe  
  64  5:47  Probe  
  75  5:57  Probe  
  75  5:58  Probe  
  75  5:59  Probe  
  75  6:07  Stalker x3  
  75  6:09  Charge, Probe  
  75  6:10  Probe  
  84  6:18  Forge  
  84  6:23  Probe, Gateway  
  84  6:27  Gateway  
  84  6:31  Protoss Ground Weapons Level 1  
  84  6:33  Pylon  
  84  6:35  Probe  
  84  6:37  Gateway  
  85  6:40  Gateway  
  85  6:41  Pylon, Robotics Facility  
  85  6:44  Pylon  
  85  6:45  Nexus  
  85  6:51  Probe x3  
  88  6:58  Gateway  
  88  7:00  Pylon, Gateway  
  88  7:03  Probe x2  
  88  7:04  Adept  
  88  7:05  Adept  
  88  7:06  Probe  
  95  7:15  Probe  
  96  7:16  Templar Archives  
  96  7:18  Pylon, Probe x2  
  96  7:20  Assimilator  
  96  7:21  Warp Prism  
  98  7:25  Zealot x4  
  98  7:27  Probe  
  107  7:38  Shield Battery  
  107  7:39  Zealot x3  
  111  7:47  Zealot x3  
  116  7:52  Zealot x3  
  120  7:59  Stalker x2  
  120  8:04  High Templar x2  
  128  8:08  Zealot x3  
  128  8:09  Archon  
  132  8:13  High Templar x2  
  132  8:16  Zealot  
  132  8:19  Archon  
  136  8:24  Zealot x2  
  135  8:29  Zealot x3  
  137  8:37  Zealot x2  
  137  8:40  Shield Battery  
  133  8:43  Shield Battery  
  133  8:45  Zealot x4  
  140  8:49  Zealot x2  
  140  8:50  Zealot x2  
  140  8:52  Probe  
  132  8:56  Immortal  
  132  8:58  Zealot  
  132  8:59  Zealot, Probe  
  122  9:06  Stalker x3  
  122  9:09  Zealot x2  
  116  9:10  Zealot x2  
  116  9:15  Zealot  
  120  9:23  Zealot x2  
  118  9:29  Zealot x3  
  118  9:30  Zealot x4  
  109  9:40  Zealot  
  109  9:44  Zealot x2  
  89  9:50  Zealot x6  
Tags
 
Add a new tag
Caveats
  • Supply blocks, unpowered buildings, or Contaminate may cause inaccurate times.
  • Supply counts are checked every 10 seconds.